 Dungeon Sprint DCSS version 0.31-a0-841-g038b102fc3 (webtiles) character file.

Game seed: 13122566272482688047

97 sircluck the Ruffian (level 4, -2/73 HPs)
             Began as a Troll Berserker on Sept 27, 2023.
             Was a Believer of Trog.
             Slain by an iguana (9 damage)
             ... in the Dungeon (Sprint VII: "The Pits").
             The game lasted 00:00:12 (32 turns).

sircluck the Ruffian (Troll Berserker)                Turns: 32, Time: 00:00:13

Health: -2/73      AC:  4    Str: 27    XL:     4   Next: 42%
Magic:  3/3        EV: 10    Int:  3    God:    Trog [**....]
Gold:   0          SH:  0    Dex:  9    Spells: 3/3 levels left

rFire   . .          .
                       - Unarmed
rCold   . . .        (no shield)
rNeg    . . .        a - +0 animal skin
rPois   .            (helmet restricted)
rElec   .            (no cloak)
rCorr   .            (gloves unavailable)
SInv    .            (boots unavailable)
Will    .....        (no amulet) Stlth
                     (no ring)
HPRegen 1.12/turn    (no ring)
MPRegen 0.08/turn

%: no teleportation
@: berserking (expiring), very quick
A: large, unfitting armour, claws 3, regeneration 1, shaggy fur 1, tough skin 1
a: Renounce Religion, Berserk, Trog's Hand


You were in the Dungeon.
You worshipped Trog.
Trog was pleased with you.
You visited 1 branch

Inventory:

Armour
 a - a +0 animal skin (worn)
Scrolls
 g - a scroll of blinking
Potions
 b - a potion of curing
 c - a potion of heal wounds
 d - a potion of haste
 e - 2 potions of magic
 f - a potion of berserk rage


   Skills:
 + Level 4.9 Fighting
 + Level 4.8 Dodging
 + Level 5.8 Unarmed Combat


You had 3 spell levels left.
You didn't know any spells.
Your spell library was empty.

Dungeon Overview and Level Annotations

Branches:
Dungeon (1/1)

Altars:


Innate Abilities, Weirdness & Mutations

You are too large for most types of armour.
You have claws for hands.
Your natural rate of healing is unusually fast.
You are covered in fur. (AC +1)
You have tough skin. (AC +1)


Message History

Trog accepts your kill.
Your Fighting skill gained 2 levels and is now at level 4!
Your Dodging skill gained 2 levels and is now at level 4!
Your Unarmed Combat skill gained 2 levels and is now at level 5!
You have reached level 2!
You have reached level 3!
Your experience leads to an increase in your attributes!
Increase (S)trength, (I)ntelligence, or (D)exterity?
You feel stronger. x3
You have reached level 4!
Unknown command.
Unknown command.
You mangle the orc!!
You kill the orc!
Trog accepts your kill. The orc warrior closely misses you.
Unknown command.
You closely miss the orc. You claw the orc!
You kill the orc!
Trog accepts your kill.
You can now call upon Trog for regeneration and willpower.
The orc warrior hits you with a +0 flail.
The komodo dragon bites you!!
* * * LOW HITPOINT WARNING * * *
Unknown command.
Unknown command.
Unknown command.
Unknown command.
Unknown command.
You barely miss the orc warrior. The orc warrior barely misses you.
You claw the orc warrior!
The orc warrior is moderately wounded.
The komodo dragon barely misses you.
Unknown command.
Unknown command.
You claw the orc warrior!
The orc warrior is severely wounded.
The iguana bites you!
You die...

#................#
####'#####''######
#.......##''#
#.......##..#
#.......##..#
#...<...##..# #
#.......##..# .###
#.......##.)#....##
#.......##.@lo....#
##########.ol.....+
#..'.....#
#..#....##
#..#..### #..####
#..# #..#


You could see an orc knight, a komodo dragon, an orc warrior (strong) and an
iguana.

Vanquished Creatures
  An orc warrior (D)
  2 orcs (D)
3 creatures vanquished.

Notes
Turn   | Place    | Note
-------+----------+-------------------------------------------
     0 | D        | sircluck the Troll Berserker began the quest for the Orb.
     0 | D        | Reached XP level 1. HP: 22/22 MP: 0/0
    21 | D        | Noticed a komodo dragon
    21 | D        | Noticed an iguana
    21 | D        | Noticed an orc knight
    21 | D        | Noticed an orc warrior
    21 | D        | Noticed an orc warrior
    26 | D        | Killed an orc warrior
    27 | D        | Reached skill level 5 in Unarmed Combat
    27 | D        | Reached XP level 2. HP: 18/33 MP: 1/1
    27 | D        | Reached XP level 3. HP: 23/41 MP: 2/2
    27 | D        | Reached XP level 4. HP: 28/49 MP: 3/3
    29 | D        | Reached ** piety under Trog
    32 | D        | Slain by an iguana

Illustrated notes

Levels and vault maps discovered:
D:        pitsprint [storerooms_1, entrance_room_1, metal_vault_1, armoury_3,
          mini_pit_1, grid_room_1, main_hall_1, silver_pit, the_coven_3,
          the_vestibule_1, steel_vault_5, golden_pit, hallway_of_sentries,
          crystal_vault_2, iron_vault_4, final_vault]

Skill      XL: |  1 |
---------------+----+-----
Fighting       | 4 |  4.9
Dodging        | 4 |  4.8
Unarmed Combat | 5 |  5.8

Action                     |  1- 3 |  4- 6 || total
---------------------------+-------+-------++-------
  Melee: Unarmed           |     4 |     6 ||    10
 Invoke: Berserk           |     1 |       ||     1
 Armour: Animal skin       |     1 |     3 ||     4
  Dodge: Dodged            |       |     3 ||     3

Table legend: (Time is in decaauts)
 A = Elapsed time spent in this place.
 B = Non-inter-level travel time spent in this place.
 C = Inter-level travel time spent in this place.
 D = Time resting spent in this place.
 E = Time spent auto-exploring this place.
 F = Levels seen in this place.
 G = Mean time per level.
                   A        B        C        D        E       F      G
               +--------+--------+--------+--------+--------+-----+--------+
         Total |     28 |     28 |      0 |      0 |     21 |   1 |   28.0 |
       Dungeon |     28 |     28 |      0 |      0 |     21 |   1 |   28.0 |
               +--------+--------+--------+--------+--------+-----+--------+

Top non-repeatable levels by time:
       D: 28 daAuts
